 Dungeon Crawl Stone Soup version 0.28.0-43-g3370ac3207 (webtiles) character file.

Game seed: 12017705424770093446

29 mortz the Skirmisher (level 3, 0/33 HPs)
             Began as a Hill Orc Fighter on Mar 29, 2022.
             Slain by an iguana (9 damage)
             ... on level 1 of the Dungeon.
             The game lasted 00:03:32 (1168 turns).

mortz the Skirmisher (Hill Orc Fighter)             Turns: 1168, Time: 00:03:33

Health: 0/33       AC:  6    Str: 20    XL:     3   Next: 16%
Magic:  3/3        EV:  9    Int:  8    God:
Gold:   89         SH:  4    Dex: 10    Spells: 2/2 levels left

rFire   . . .      SeeInvis .   a - +0 trident {polearm}
rCold   . . .      Faith    .   c - +0 buckler
rNeg    . . .      Spirit   .   b - +0 scale mail
rPois   .          Reflect  .   (no helmet)
rElec   .          Harm     .   (no cloak)
rCorr   .          Rampage  .   (no gloves)
Will    .....                   (no boots)
Stlth   ..........              (no amulet)
HPRegen 0.11/turn               (no ring)
MPRegen 0.08/turn               (no ring)

@: no status effects
A: no striking features
a: no special abilities


You were on level 1 of the Dungeon.
You visited 1 branch of the dungeon, and saw 2 of its levels.

You collected 89 gold pieces.


   Skills:
 + Level 3.8 Fighting
 + Level 2.7 Polearms
 + Level 3.6 Armour
 + Level 0.5 Dodging
 + Level 3.7 Shields


You had 2 spell levels left.
You didn't know any spells.
Your spell library contained the following spells:

 Spells                   Type           Power      Damage    Failure   Level
 Gell's Gravitas          Tloc           0%         N/A       99%         3
 Lesser Beckoning         Tloc           0%         N/A       99%         3
 Teleport Other           Tloc           0%         N/A       99%         3

Inventory:

Hand Weapons
 a - a +0 trident (weapon) {polearm}
 j - a +1 whip of venom {mace}
   (You took it off a kobold on level 1 of the Dungeon)
Missiles
 e - 46 sling bullets
 g - 22 stones (quivered) {throwing}
Armour
 b - a +0 scale mail (worn)
 c - a +0 buckler (worn)
Scrolls
 f - a scroll of summoning {unknown}
 h - a scroll of blinking {unknown}
Potions
 d - a potion of might
 i - a potion of degeneration {unknown}

Dungeon Overview and Level Annotations

Branches:
Dungeon (2/15)

Altars:

#.# #.# #.#..........# #.#
#.# #.######.#####
#.####.###.######.#
#.................#
######.#.#........#
#.#.#.############ #...#.##
#..). #......# #.### #@#.#.##
###.###
#####l#.########....##
#.....................
#...................##
#.###.#.##..#.......## ####≈♣
♣♣♣≈♣♣..#.......#
###♣≈PP≈♣♣♣♣♣≈≈♣♣♣≈≈......#
##P♣♣♣♣♣≈≈≈P≈P≈P≈♣≈≈♣P♣....#
#≈≈≈≈≈≈≈≈≈≈≈P≈≈≈P≈≈≈≈♣♣≈...##


You could see an iguana.


Message History

😎 HP[+17]
Your hp is fully restored (33).
You enter the shallow water.
Moving in this stuff is going to be slow.
A kobold comes into view. It is wielding a +0 short sword.
The kobold shouts!
A ball python comes into view.
An endoplasm comes into view.
You reach to attack!
The ball python hisses angrily.
You hit the kobold but do no damage. You hit the kobold.
The kobold hits you but does no damage. The ball python barely misses you.
The ball python grabs you. The ball python constricts you.
You escape the ball python's grasp.
You puncture the kobold!
You kill the kobold!
You closely miss the ball python. You block the ball python's attack.
The ball python barely misses you. The ball python closely misses you.
You block the ball python's attack.
You closely miss the ball python. The ball python bites you.
The ball python grabs you.
The ball python constricts you. 😕 HP[-1]
You take 1 damage, and now have 32/33 hp.
You closely miss the ball python. The ball python bites you.
The ball python constricts you. 😕 HP[-1]
You take 1 damage, and now have 31/33 hp.
You closely miss the ball python.
The ball python bites you but does no damage.
The ball python constricts you. The ball python barely misses you.
The ball python constricts you.
You hit the ball python.
You kill the ball python!
You puncture the endoplasm!
You kill the endoplasm!
Things that are here:
a +0 short sword {short}; a kobold corpse 😎 HP[+2]
Your hp is fully restored (33).
You enter the shallow water.
Moving in this stuff is going to be slow.
You enter the shallow water.
Moving in this stuff is going to be slow.
Things that are here:
a +0 short sword {short}; a kobold corpse You enter the shallow water.
Moving in this stuff is going to be slow.
Done exploring.
(D) Dungeon
Where to? (? - help)
There is a stone staircase leading down here.
You climb downwards.
The endoplasm quivers. x2
The jackal barks!
The ball python hisses angrily.
You hear a shout! x2
Found a ring mail and a viscous emerald potion.
Found a stone staircase leading down.
There is a stone staircase leading up here.
There are monsters nearby!
You hit the endoplasm.
A kobold comes into view. It is wielding a +0 dagger.
A hobgoblin comes into view.
The endoplasm freezes you.
You are frozen. 😕 HP[-3]
You take 3 damage, and now have 30/33 hp.
The hobgoblin shouts!
You hit the endoplasm but do no damage. You block the endoplasm's attack.
The kobold throws a stone.
The stone hits you but does no damage. The endoplasm freezes you.
You are frozen.
The iguana bites you.
You climb upwards.
There is a stone staircase leading down here. 😮 HP[-7]
You take 7 damage, and now have 23/33 hp.
MASSIVE DAMAGE!! (PAUSE)
The endoplasm closely misses you. 😮 HP[+1]
The iguana hisses menacingly. 😕 HP[+1]
You hit the endoplasm.
You kill the endoplasm!
You hit the iguana but do no damage. The iguana bites you!
* * * LOW HITPOINT WARNING * * *
You block the iguana's attack. 😨 HP[-12]
You take 12 damage, and now have 13/33 hp.
MASSIVE DAMAGE!! (PAUSE)
You hit the iguana but do no damage. The iguana completely misses you.
You hit the iguana. The iguana closely misses you.
You hit the iguana. The iguana barely misses you. 😨 HP[+1]
You hit the iguana. You block the iguana's attack. The iguana bites you.
* * * LOW HITPOINT WARNING * * *
😨 HP[-5]
You take 5 damage, and now have 9/33 hp.
You hit the iguana. You block the iguana's attack.
You closely miss the iguana. The iguana bites you!
You die...

Action                   || total
-------------------------++-------
Melee: Trident           ||    91
Armor: Scale mail        ||    28
Dodge: Dodged            ||    45
Block: Buckler           ||    20

Levels and vault maps discovered:
D:1:      dpeg_arrival_orchard, layout_loops_ring,
          ebering_ecumenical_altar_sacrificial, moated_statue,
          serial_bayou_lake_a
D:2:      layout_loops_ring

Notes
Turn   | Place    | Note
-------+----------+-------------------------------------------
     0 | D:1      | mortz the Hill Orc Fighter began the quest for the Orb.
     0 | D:1      | Reached XP level 1. HP: 19/19 MP: 1/1
     0 | D:1      | magus.rc [v1.9.6]
    12 | D:1      | You pick up a book of Displacement and begin reading...
    12 | D:1      | You add the spells Lesser Beckoning, Gell's Gravitas and
                  | Teleport Other to your library.
   133 | D:1      | Reached XP level 2. HP: 26/26 MP: 2/2
   314 | D:1      | Found a faded altar of an unknown god.
   695 | D:1      | Reached XP level 3. HP: 33/33 MP: 3/3
  1168 | D:1      | Slain by an iguana

Vanquished Creatures
  4 ball pythons (D:1)
  6 bats (D:1)
  3 endoplasms (D:1)
  A giant cockroach (D:1)
  2 goblins (D:1)
  3 hobgoblins (D:1)
  3 kobolds (D:1)
  4 rats (D:1)
26 creatures vanquished.

Vanquished Creatures (others)
  3 plants (D:1)
3 creatures vanquished.

Grand Total: 29 creatures vanquished

Table legend:
 A = Non-vault XP
 B = Vault XP
 C = Vault XP percentage of total XP
 D = Non-vault monster count
 E = Vault monster count
 F = Vault count percentage of total count
                 A         B        C        D         E       F
            +---------+---------+-------+---------+---------+-------
      Total |      42 |       0 |   0.0 |      26 |       0 |   0.0
            +---------+---------+-------+---------+---------+-------
        D:1 |      42 |       0 |   0.0 |      26 |       0 |   0.0
            +---------+---------+-------+---------+---------+-------

Illustrated notes

Table legend:
 A = Kills in this place as a percentage of kills in entire the game.
 B = Kills by you in this place as a percentage of kills by you in the entire game.
 C = Kills by friends in this place as a percentage of kills by friends in the entire game.
 D = Other kills in this place as a percentage of other kills in the entire game.
 E = Experience gained in this place as a percentage of experience gained in the entire game.
 F = Experience gained in this place divided by the number of levels of this place that you have seen.
                   A       B       C       D       E      F
               +-------+-------+-------+-------+-------+----------------------
         Total | 100.0 | 100.0 |   N/A |   N/A | 100.0 |  21.0
       Dungeon | 100.0 | 100.0 |   N/A |   N/A | 100.0 |  21.0
               +-------+-------+-------+-------+-------+----------------------

Table legend: (Time is in decaauts)
 A = Elapsed time spent in this place.
 B = Non-inter-level travel time spent in this place.
 C = Inter-level travel time spent in this place.
 D = Time resting spent in this place.
 E = Time spent auto-exploring this place.
 F = Levels seen in this place.
 G = Mean time per level.
                   A        B        C        D        E       F      G
               +--------+--------+--------+--------+--------+-----+--------+
         Total |   1232 |   1197 |     35 |    217 |    775 |   2 |  616.0 |
       Dungeon |   1232 |   1197 |     35 |    217 |    775 |   2 |  616.0 |
               +--------+--------+--------+--------+--------+-----+--------+

Top non-repeatable levels by time:
     D:1: 1227 daAuts
     D:2: 4 daAuts
